 Dungeon Sprint DCSS version 0.30.1-11-g7821555f0a (webtiles) character file.

Game seed: 16938680943946559360

327 Heoruswealwe the Spear-Bearer (level 6, -6/62 HPs)
             Began as a Minotaur Fighter on Nov 14, 2023.
             Was an Initiate of Gozag.
             Mangled by a two-headed ogre
             ... wielding a +0 giant spiked club
              (8 damage)
             ... in the Dungeon (Sprint IX: "|||||||||||||||||||||||||||||").
             The game lasted 00:01:07 (103 turns).

Heoruswealwe the Spear-Bearer (Minotaur Fighter)     Turns: 103, Time: 00:01:07

Health: -6/62      AC:  8    Str: 22    XL:     6   Next: 24%
Magic:  5/5        EV: 10    Int:  5    God:    Gozag
Gold:   0          SH:  4    Dex: 10    Spells: 5/5 levels left

rFire   . . .        a - +0 trident
rCold   . . .        b - +0 buckler
rNeg    . . .        d - +0 scale mail
rPois   .            (helmet restricted)
rElec   .            (no cloak)
rCorr   .            (no gloves)
SInv    .            (no boots)
Will    .....        (no amulet) Stlth
                     (no ring)
HPRegen 0.30/turn    (no ring)
MPRegen 0.09/turn

%: no teleportation
@: weakened, gold aura
A: horns 2, retaliatory headbutt
a: Renounce Religion, Potion Petition, Call Merchant, Bribe Branch


You were in the Dungeon.
You worshipped Gozag.
Gozag was noncommittal.
You visited 1 branch

Inventory:

Hand Weapons
 a - a +0 trident (weapon)
 k - a +2 halberd of protection
Armour
 b - a +0 buckler (worn)
 d - a +0 scale mail (worn)
Jewellery
 h - a +3 ring of strength
 l - a +3 ring of intelligence
Scrolls
 j - 2 scrolls of blinking
Potions
 c - a potion of might
 e - 5 potions of curing
 f - 3 potions of heal wounds
 g - a potion of haste
 i - a potion of berserk rage


   Skills:
 + Level 8.6 Fighting
 * Level 11.5 Polearms
 + Level 8.6 Armour
 + Level 1.0 Dodging
 - Level 3.6 Shields


You had 5 spell levels left.
You didn't know any spells.
Your spell library was empty.

Dungeon Overview and Level Annotations

Branches:
Dungeon (1/1)

Altars:
Cheibriados
Dithmenos
Elyvilon
Fedhas
Gozag
Hepliaklqana
Kikubaaqudgha
Makhleb
Nemelex Xobeh
Okawaru
Qazlal
Ru
Sif Muna
Trog
Uskayaw
Vehumet
Wu Jian
Xom
Yredelemnul
Zin
The Shining One
Jiyva
Lugonu


Innate Abilities, Weirdness & Mutations

You have a pair of horns on your head.
You reflexively headbutt those who attack you in melee.


Message History

l - a +3 ring of intelligence You open the door.
A gnoll bouda, a two-headed ogre, an orc priest and 3 yaks come into view.
The yak bellows!
The gnoll bouda shouts!
The two-headed ogre shouts in stereo!
The yak bellows!
You puncture the yak! You headbutt the yak.
The yak is moderately wounded.
The gnoll bouda gazes fiercely through you!
You feel your attacks grow feeble. The yak gores you but does no damage.
You hit the yak.
The yak is heavily wounded.
The yak gores you.
You puncture the yak! Your headbutt misses the yak.
The yak is severely wounded.
The yak closely misses you.
You puncture the yak!
The yak is almost dead.
The yak gores you.
You hit the yak but do no damage. You headbutt the yak.
The yak is almost dead.
The yak barely misses you. You furiously retaliate!
You headbutt the yak.
You kill the yak!
Your Fighting skill increases to level 8!
Your Polearms skill gained 2 levels and is now at level 11!
Your Armour skill increases to level 8!
Your Dodging skill increases to level 1!
You have reached level 6!
You closely miss the two-headed ogre.
The two-headed ogre hits you with a +0 giant spiked club!
The two-headed ogre hits you with a +0 giant spiked club!!
* * * LOW HITPOINT WARNING * * *
You hit the two-headed ogre.
Your headbutt misses the two-headed ogre.
The two-headed ogre is lightly wounded.
You barely miss the two-headed ogre.
The two-headed ogre is lightly wounded.
The two-headed ogre hits you with a +0 giant spiked club!
You die...
Your body crumbles into a pile of gold. $$$$$$ $$$$$ $ $ $ $$$$$ $ $ ▓▓▓▓▓▓▓▓▓▓▓▓▓▓▓▓▓▓▓▓▓▓▓▓ _______'!?/.[[[.@OgoYY.. ▓▓▓▓▓▓▓▓▓▓▓▓▓▓▓▓▓▓▓▓▓▓▓▓

You could see a two-headed ogre, 2 yaks, a gnoll bouda and an orc priest.

Vanquished Creatures
  A yak (D)
  A centaur (D)
  A scorpion (D)
  A hound (D)
  A dart slug (D)
  An orc (D)
  An endoplasm (D)
  A goblin (D)
  A hobgoblin (D)
  A quokka (D)
  A ball python (D)
11 creatures vanquished.

Notes
Turn   | Place    | Note
-------+----------+-------------------------------------------
     0 | D        | Heoruswealwe the Minotaur Fighter began the quest for the
                  | Orb.
     0 | D        | Reached XP level 1. HP: 19/19 MP: 0/0
     9 | D        | Reached skill level 3 in Polearms
    19 | D        | Noticed a hound
    19 | D        | Noticed a centaur
    19 | D        | Noticed a scorpion
    25 | D        | Killed a hound
    26 | D        | Reached skill level 5 in Fighting
    26 | D        | Reached skill level 6 in Polearms
    26 | D        | Reached skill level 5 in Armour
    26 | D        | Reached XP level 2. HP: 26/29 MP: 1/1
    26 | D        | Reached XP level 3. HP: 33/36 MP: 2/2
    29 | D        | Killed a centaur
    30 | D        | Reached skill level 8 in Polearms
    30 | D        | Reached XP level 4. HP: 35/45 MP: 3/3
    38 | D        | Killed a scorpion
    39 | D        | Reached skill level 9 in Polearms
    39 | D        | Reached XP level 5. HP: 28/52 MP: 4/4
    50 | D        | Found a snail-covered altar of Cheibriados.
    50 | D        | Found a shadowy altar of Dithmenos.
    50 | D        | Found a white marble altar of Elyvilon.
    50 | D        | Found a blossoming altar of Fedhas.
    50 | D        | Found an opulent altar of Gozag.
    51 | D        | Found a hazy altar of Hepliaklqana.
    52 | D        | Found a viscous altar of Jiyva.
    53 | D        | Found an ancient bone altar of Kikubaaqudgha.
    54 | D        | Found a corrupted altar of Lugonu.
    55 | D        | Found a burning altar of Makhleb.
    56 | D        | Found a sparkling altar of Nemelex Xobeh.
    57 | D        | Found an iron altar of Okawaru.
    58 | D        | Became a worshipper of Gozag Ym Sagoz the Greedy
    59 | D        | Found a stormy altar of Qazlal.
    60 | D        | Found a sacrificial altar of Ru.
    61 | D        | Found a shimmering blue altar of Sif Muna.
    62 | D        | Found a bloodstained altar of Trog.
    63 | D        | Found a hide-covered altar of Uskayaw.
    64 | D        | Found a radiant altar of Vehumet.
    65 | D        | Found an ornate altar of the Wu Jian Council.
    66 | D        | Found a shimmering altar of Xom.
    67 | D        | Found a basalt altar of Yredelemnul.
    68 | D        | Found a glowing silver altar of Zin.
    69 | D        | Found a glowing golden altar of the Shining One.
    95 | D        | Noticed a yak
    95 | D        | Noticed a two-headed ogre
    95 | D        | Noticed a yak
    95 | D        | Noticed a yak
   100 | D        | Killed a yak
   101 | D        | Reached skill level 11 in Polearms
   101 | D        | Reached skill level 1 in Dodging
   101 | D        | Reached XP level 6. HP: 45/62 MP: 5/5
   101 | D        | HP: 2/62 [two-headed ogre/+0 giant spiked club (27)]
   103 | D        | Mangled by a two-headed ogre

Illustrated notes

Levels and vault maps discovered:
D:        linesprint [early_d, line_temple, items_1, d_10, items_2, lair_1,
          lair_end, items_3, orc_1, orc_end, items_4, d_15, swamp_1, shoals_1,
          snake_1, spider_1, d_20, vaults_1, items_5, swamp_end, shoals_end,
          snake_end, spider_end, vaults_end, d_27, items_6, zot_1, zot_end,
          crypt_end, forest_end, elf_end, slime_end, tomb_end, abyss_end,
          pan_hell_end]

Skill      XL: |  1  2  3  4  5 |
---------------+----------------+-----
Polearms       | 6 8 9 11 | 11.5
Fighting       | 5 6 7 8 |  8.6
Armour         | 5 6 7 8 |  8.6
Dodging        | 1 |  1.0
Shields        | |  3.6

Action                     |  1- 3 |  4- 6 || total
---------------------------+-------+-------++-------
  Melee: Trident           |    18 |    16 ||    34
         Headbutt          |     2 |     3 ||     5
 Armour: Scale mail        |     7 |     3 ||    10
  Dodge: Dodged            |     6 |     4 ||    10
  Block: Buckler           |     6 |     2 ||     8
